Map: Dusk Towers

Players

Jason - Winner!

  • Race: Terran Terran
  • League: Grandmaster

PracticeX

  • Race: Terran Terran
  • League: Grandmaster

VOD

Have the link to the VOD?

Description

Time

  • Played on: Jan. 13, 2016, 7:17 p.m.
  • Length: 12:50
Show
View Real Time Build Order
Export as new Build Order

Jason Terran - Winner!

Build Orders: Reaper Expand 

Get SALT Encoding   

  12  0:01  SCV  
  13  0:13  SCV  
  14  0:18  Supply Depot  
  14  0:25  SCV  
  15  0:40  SCV, Barracks  
  16  0:46  Refinery  
  16  0:52  SCV  
  18  1:04  SCV  
  18  1:17  SCV  
  19  1:30  Orbital Command  
  19  1:31  Reaper  
  20  1:43  Command Center  
  20  1:56  SCV, Supply Depot  
  21  2:03  Reaper  
  21  2:08  SCV  
  21  2:14  Refinery  
  22  2:20  SCV  
  23  2:26  Factory  
  23  2:32  SCV  
  24  2:43  Barracks Reactor  
  24  2:45  SCV  
  25  2:56  Command Center  
  25  2:57  SCV  
  26  3:12  Orbital Command  
  25  3:13  SCV  
  25  3:14  Factory Tech Lab  
  26  3:20  Marine x2  
  26  3:25  SCV  
  32  3:34  Cyclone  
  32  3:37  SCV  
  32  3:38  SCV, Engineering Bay  
  34  3:42  Marine x2  
  36  3:49  SCV  
  37  3:55  SCV  
  38  4:03  SCV, Starport  
  38  4:06  Siege Tank  
  42  4:11  Marine  
  41  4:26  Orbital Command  
  41  4:27  SCV x2  
  41  4:28  Supply Depot, Marine  
  41  4:29  Supply Depot  
  44  4:33  Supply Depot  
  47  4:38  Siege Tank  
  47  4:50  SCV, Viking  
  49  5:02  Marine  
  49  5:03  Marine  
  52  5:07  SCV x2  
  52  5:09  SCV  
  54  5:19  Terran Infantry Weapons Level 1, SCV x2  
  54  5:20  Marine  
  57  5:21  Marine  
  57  5:22  SCV  
  57  5:27  Barracks x2  
  57  5:28  Refinery  
  59  5:29  Refinery  
  59  5:31  SCV  
  59  5:33  SCV  
  61  5:37  Supply Depot  
  61  5:38  Supply Depot, Marine  
  61  5:39  Marine  
  61  5:42  Siege Tank  
  66  5:43  SCV  
  66  5:47  SCV  
  66  5:48  SCV  
  69  5:55  Starport Reactor  
  69  5:57  Barracks, Orbital Command  
  69  5:58  Barracks, Marine  
  70  6:05  Marine  
  70  6:07  SCV x2  
  71  6:13  Supply Depot  
  71  6:14  Supply Depot, Missile Turret  
  71  6:15  Barracks Tech Lab x2  
  71  6:16  Marine  
  72  6:19  SCV x2  
  72  6:23  Marine  
  72  6:24  SCV  
  76  6:27  Siege Tank  
  76  6:31  SCV  
  76  6:32  SCV  
  81  6:34  Marine  
  81  6:36  SCV, Medivac x2  
  87  6:43  SCV  
  87  6:44  SCV  
  88  6:48  SCV, Marine x2  
  88  6:50  Barracks Reactor, Marine  
  92  6:56  SCV x2, Marine  
  92  7:00  SCV  
  90  7:05  Marine x2  
  90  7:06  Medivac, Siege Tank, Marine  
  90  7:08  SCV x2, Marine  
  94  7:10  Refinery x2  
  94  7:12  SCV  
  94  7:14  Marine  
  97  7:18  Medivac  
  97  7:20  SCV  
  97  7:22  Marine  
  99  7:23  Marine x2  
  99  7:26  Marine  
  99  7:27  Marine  
  89  7:31  Marine  
  91  7:37  Marine  
  91  7:38  Siege Tank  
  91  7:40  Marine  
  91  7:41  Marine x2  
  91  7:43  Marine  
  91  7:49  Marine  
  88  7:58  Marine  
  91  7:59  Marine x2  
  91  8:00  SCV x2  
  91  8:01  Marine  
  91  8:02  SCV  
  91  8:05  Viking, Starport  
  95  8:06  Viking  
  95  8:07  Combat Shields, Factory, Marine  
  95  8:08  Stimpack  
  98  8:13  SCV  
  98  8:16  Marine  
  98  8:17  Marine  
  101  8:25  Supply Depot x2  
  101  8:26  SCV  
  101  8:30  Sensor Tower  
  101  8:40  Barracks Reactor  
  101  8:46  Marine x4  
  101  8:47  SCV  
  106  8:53  Siege Tank  
  104  8:58  SCV  
  105  9:04  Marine x4  
  105  9:07  SCV  
  105  9:08  SCV  
  111  9:11  Medivac x2  
  111  9:13  SCV  
  116  9:17  Barracks  
  116  9:18  Command Center, Factory Tech Lab, Sensor Tower, Barracks  
  116  9:19  SCV, Barracks, Starport Reactor  
  116  9:21  Barracks  
  117  9:26  SCV, Marine x5  
  117  9:29  Marine  
  117  9:30  Supply Depot  
  124  9:35  Siege Tank  
  127  9:44  Marine x5  
  132  9:47  Marine  
  132  9:48  Terran Infantry Armor Level 1  
  132  9:51  Medivac x2  
  137  10:01  Supply Depot x2, Marine x4  
  141  10:15  Missile Turret  
  141  10:17  Missile Turret x3  
  141  10:20  Missile Turret  
  141  10:22  Siege Tank, Missile Turret, Marine x10  
  154  10:30  Supply Depot  
  154  10:32  Supply Depot  
  154  10:35  Engineering Bay  
  153  10:37  Armory  
  153  10:40  Marine x5  
  158  10:44  Supply Depot, Marine  
  158  10:45  Marine  
  158  10:46  Marine x2  
  162  10:54  Siege Tank  
  162  10:55  Marine  
  166  10:58  Marine  
  166  10:59  Marine x4  
  149  11:12  Marine x2  
  138  11:26  Marine x3  
  138  11:27  Siege Tank  
  138  11:28  Marine x4  
  138  11:30  Planetary Fortress, Medivac  
  147  11:34  Marine  
  147  11:37  Marine x2  
  150  11:43  Marine x2  
  141  11:48  Marine  
  141  11:49  Marine x4  
  141  11:52  Marine  
  141  11:55  Marine x2  
  141  11:56  Siege Tank  
  141  11:59  Siege Tank  
  140  12:01  Marine, Medivac x2  
  140  12:04  Marine  
  140  12:05  Refinery, Medivac x2  
  140  12:06  Refinery, Marine  
  140  12:07  Marine x2  
  153  12:10  Marine x3  
  153  12:13  Marine x2  
  158  12:19  Marine  
  158  12:22  Marine  
  160  12:23  Marine  
  160  12:24  Marine  
  160  12:25  Marine  
  160  12:27  Marine  
  160  12:28  Marine x2  
  166  12:30  Marine  
  166  12:31  Marine  
Show
View Real Time Build Order
Export as new Build Order

PracticeX Terran 

Build Orders: 1/1/1, Liberator Opening 

Get SALT Encoding   

  12  0:01  SCV  
  13  0:13  SCV  
  14  0:18  Supply Depot  
  14  0:26  SCV  
  15  0:29  Refinery  
  15  0:40  SCV  
  16  0:45  Barracks  
  16  0:52  SCV  
  16  0:56  Refinery  
  17  1:04  SCV  
  18  1:16  SCV  
  19  1:33  Factory, Orbital Command  
  19  1:37  Marine  
  20  1:53  Supply Depot  
  20  1:54  Marine  
  20  2:00  SCV  
  22  2:12  SCV  
  22  2:14  Marine  
  24  2:22  Factory Tech Lab  
  24  2:24  Starport  
  24  2:26  SCV  
  25  2:32  Marine  
  26  2:40  Supply Depot  
  26  2:43  Siege Tank  
  29  2:47  SCV  
  30  2:57  Barracks Reactor  
  30  3:04  Medivac  
  30  3:17  Liberator  
  30  3:22  Command Center  
  30  3:33  Marine  
  31  3:35  Marine  
  35  3:44  Siege Tank  
  38  3:51  Marine  
  39  3:59  Supply Depot, Marine  
  39  4:21  SCV, Viking, Marine x2  
  44  4:31  Siege Tank  
  44  4:37  Supply Depot  
  47  4:49  SCV, Marine  
  47  4:53  Marine  
  47  4:55  Starport Reactor  
  47  5:01  SCV  
  47  5:03  Siege Tank  
  47  5:04  Orbital Command  
  51  5:13  SCV  
  52  5:14  Marine  
  52  5:15  Marine  
  54  5:26  SCV  
  55  5:32  SCV  
  55  5:34  Viking x2  
  60  5:38  SCV, Supply Depot  
  60  5:42  Siege Tank  
  64  5:44  SCV  
  65  5:53  Marine x2  
  68  5:57  SCV  
  68  5:58  SCV  
  68  6:03  Medivac  
  71  6:09  SCV  
  72  6:11  Marine  
  72  6:14  Marine  
  74  6:23  Siege Tank  
  77  6:27  SCV  
  77  6:28  Command Center  
  78  6:32  Supply Depot  
  78  6:51  SCV  
  59  6:54  Viking  
  76  7:01  Marine  
  76  7:06  SCV  
  76  7:07  Marine  
  76  7:08  Siege Tank  
  79  7:10  SCV  
  79  7:13  Supply Depot x2, Viking  
  82  7:19  Marine  
  83  7:32  Marine  
  83  7:37  Marine  
  80  7:43  Siege Tank  
  81  7:47  Orbital Command  
  81  7:48  SCV x2  
  81  7:50  Marine  
  81  7:54  Marine  
  79  8:00  SCV x2, Refinery x2  
  79  8:02  Engineering Bay  
  79  8:05  Factory  
  81  8:12  SCV x2  
  82  8:19  Siege Tank  
  84  8:21  SCV  
  84  8:23  Refinery  
  84  8:24  SCV x2, Refinery  
  81  8:33  SCV  
  81  8:34  Viking x2  
  81  8:36  SCV x2  
  87  8:45  SCV  
  72  8:48  SCV x2  
  72  8:53  Hellion  
  72  8:55  Factory x2  
  74  8:58  SCV  
  74  8:59  Hellion x2  
  74  9:00  SCV  
  74  9:01  SCV  
  81  9:05  Viking x2  
  82  9:10  SCV  
  82  9:12  SCV  
  82  9:13  SCV  
  82  9:15  Hellion  
  84  9:19  Missile Turret  
  84  9:20  Hellion x2  
  84  9:22  Missile Turret x2  
  88  9:25  SCV  
  88  9:30  Missile Turret  
  89  9:32  Missile Turret  
  89  9:34  Missile Turret  
  89  9:36  Siege Tank, Infernal Pre-Igniter  
  92  9:41  SCV x2  
  92  9:42  Hellion  
  92  9:45  Missile Turret  
  96  9:47  Missile Turret  
  96  9:48  Factory Tech Lab  
  96  9:50  Factory Reactor  
  96  9:58  Sensor Tower  
  96  10:02  SCV  
  97  10:08  Siege Tank  
  97  10:09  Siege Tank, Missile Turret  
  97  10:11  Sensor Tower  
  103  10:14  Supply Depot  
  103  10:16  Supply Depot  
  103  10:21  Viking x2  
  105  10:27  Missile Turret  
  107  10:32  Armory  
  107  10:35  Armory, Missile Turret  
  107  10:37  Missile Turret  
  107  10:38  Hellion  
  107  10:40  Siege Tank  
  107  10:42  Hellion, Missile Turret  
  114  10:46  Hellion  
  116  10:50  Siege Tank  
  116  10:51  Hellion  
  116  10:55  Viking  
  123  11:02  Missile Turret  
  123  11:04  Hellion  
  124  11:06  Hellion  
  124  11:09  Hellion  
  108  11:12  Hellion, Siege Tank  
  92  11:22  Siege Tank  
  92  11:25  Hellion  
  88  11:27  Hellion  
  88  11:31  Hellion  
  92  11:34  Hellion  
  94  11:44  Siege Tank  
  94  11:46  Hellion  
  89  11:49  Hellion  
  89  11:52  Hellion  
  91  11:54  Siege Tank  
  91  11:55  Hellion  
  96  12:07  Viking  
  96  12:08  Hellion  
  100  12:13  Refinery  
  100  12:19  Refinery  
  100  12:24  Supply Depot  
  100  12:25  Supply Depot  
  100  12:38  Supply Depot  
  100  12:41  Supply Depot  
  100  12:42  Supply Depot  
  100  12:43  Supply Depot  
Tags
 
Add a new tag
Caveats
  • Supply blocks, unpowered buildings, or Contaminate may cause inaccurate times.
  • Supply counts are checked every 10 seconds.